 Dungeon Crawl Stone Soup version 0.30.0-19-g36f170ea60 (webtiles) character file.

Game seed: 6555505808661827181

76 Bnni the Digger (level 4, -2/32 HPs)
             Began as a Formicid Earth Elementalist on May 31, 2023.
             Killed by nerve-wracking pain
             ... invoked by an orc priest
              (7 damage)
             ... on level 3 of the Dungeon.
             The game lasted 00:02:32 (1982 turns).

Bnni the Digger (Formicid Earth Elementalist)       Turns: 1982, Time: 00:02:33

Health: -2/32      AC:  4    Str: 13    XL:     4   Next: 57%
Magic:  0/8        EV: 11    Int: 16    God:
Gold:   62         SH:  0    Dex: 14    Spells: 2/8 levels left

rFire   . . .        h - +2 short sword (elec)
rCold   . . .        (no shield)
rNeg    . . .        i - +1 leather armour of Intercession {SInv}
rPois   .            (helmet unavailable)
rElec   .            (no cloak)
rCorr   .            (no gloves)
SInv    +            (no boots)
Will    .....        (no amulet)
Stlth   ++           (no ring)
HPRegen 0.25/turn    (no ring)
MPRegen 0.11/turn

%: no passive effects
@: very slightly contaminated
A: permanent stasis, dig shafts and tunnels, antennae 3, four strong arms
a: Dig, Shaft Self


You were on level 3 of the Dungeon.
You visited 1 branch of the dungeon, and saw 3 of its levels.

You collected 62 gold pieces.

Inventory:

Hand Weapons
 h - a +2 short sword of electrocution (weapon)
 j - a +1 dagger of venom
Armour
 i - the +1 leather armour of Intercession (worn) {SInv}
   (You found it on level 2 of the Dungeon)

   SInv:      It lets you see invisible.
 o - a +0 scale mail
Scrolls
 c - a scroll of brand weapon {unknown}
 d - 2 scrolls of teleportation {unknown}
 e - a scroll of magic mapping {unknown}
 g - 2 scrolls of fear
 k - a scroll of identify {unknown}
 l - a scroll of vulnerability {unknown}
 m - a scroll of torment {unknown}
Potions
 a - a potion of berserk rage {unknown}
 b - a potion of magic
 f - a potion of resistance {unknown}
 n - a potion of attraction {unknown}


   Skills:
 + Level 1.6 Fighting
 - Level 1.7 Dodging
 - Level 2.4 Stealth
 + Level 2.8 Spellcasting
 + Level 2.1 Transmutations
 * Level 4.7 Earth Magic


You had 2 spell levels left.
You knew the following spells:

 Your Spells              Type           Power      Damage    Failure   Level
a - Sandblast             Erth           34%        2d9       3%          1
b - Passwall              Tmut/Erth      10%        N/A       9%          2
c - Stone Arrow           Conj/Erth      18%        3d8       26%         3

Your spell library contained the following spells:

 Spells                   Type           Power      Damage    Failure   Level
 Beastly Appendage        Tmut           18%        N/A       10%         1
 Wereblood                Tmut           9%         N/A       16%         2
 Spider Form              Tmut/Pois      5%         N/A       43%         3
 Petrify                  Tmut/Erth      13%        N/A       52%         4


Dungeon Overview and Level Annotations

Branches:
Dungeon (3/15)

Altars:
Okawaru


Innate Abilities, Weirdness & Mutations

You cannot be hasted, slowed, berserked, paralysed or teleported.
You can dig through walls and to a lower floor.
You have a pair of large antennae on your head. (SInv)
Your four strong arms can wield two-handed weapons with a shield.


Message History

Aiming: Sandblast (safe; 3% risk of failure)
Press: ? - help, Q - select action, (/) - cycle Shift-Dir - straight line, f/p - orc priest
Aim: an orc priest, wielding a +0 mace and wearing a +0 ring mail (moderately wounded, 84% to hit)
The blast of sand hits the orc!
You kill the orc!
The orc priest looks satisfied for a moment.
Aiming: Sandblast (safe; 3% risk of failure)
Press: ? - help, Q - select action, (/) - cycle Shift-Dir - straight line, f/p - orc priest
Aim: an orc priest, wielding a +0 mace and wearing a +0 ring mail (moderately wounded, 84% to hit)
You miscast Sandblast.
You are very lightly contaminated with residual magic.
Nothing appears to happen.
The orc barely misses you.
Aiming: Sandblast (safe; 3% risk of failure)
Press: ? - help, Q - select action, (/) - cycle Shift-Dir - straight line, f/p - orc priest
Aim: an orc priest, wielding a +0 mace and wearing a +0 ring mail (moderately wounded, 84% to hit)
The blast of sand hits the orc!
You kill the orc!
The orc priest hits you with a +0 mace.
Aiming: Sandblast (safe; 3% risk of failure)
Press: ? - help, Q - select action, (/) - cycle Shift-Dir - straight line, f/p - orc priest
Aim: an orc priest, wielding a +0 mace and wearing a +0 ring mail (moderately wounded, 84% to hit)
The blast of sand hits the orc priest but does no damage.
The orc priest is moderately wounded.
The orc priest hits you with a +0 mace.
* * * LOW HITPOINT WARNING * * *
You are too injured to fight recklessly!
You are too injured to fight recklessly!
You barely miss the orc priest.
The orc priest is moderately wounded.
The orc priest hits you with a +0 mace.
* * * LOW HITPOINT WARNING * * *
You puncture the orc priest!
The orc priest is severely wounded.
The orc priest barely misses you.
You hit the orc priest but do no damage.
The orc priest is severely wounded.
The orc priest mumbles some strange prayers to Beogh against you.
Pain shoots through your body!
You die...

## . #. .###
..# #.# #<# #@#
#o#
#......o......#
#######........
#####.### .. ##


You could see an orc priest and an orc.

Vanquished Creatures
  3 adders (D:2)
  A dart slug (D:1)
  2 orcs (D:3)
  3 bats
  4 endoplasms (D:1)
  5 goblins
  4 hobgoblins
  2 jackals (D:2)
  8 kobolds
  A quokka (D:2)
  3 ball pythons
  3 frilled lizards
  4 rats (D:2)
43 creatures vanquished.

Notes
Turn   | Place    | Note
-------+----------+-------------------------------------------
     0 | D:1      | Bnni the Formicid Earth Elementalist began the quest for
                  | the Orb.
     0 | D:1      | Reached XP level 1. HP: 13/13 MP: 3/3
   153 | D:1      | Reached XP level 2. HP: 18/20 MP: 1/5
   258 | D:1      | Reached skill level 4 in Earth Magic
   425 | D:1      | Found a faded altar of an unknown god.
   715 | D:1      | Reached XP level 3. HP: 21/25 MP: 3/6
   914 | D:2      | Found an iron altar of Okawaru.
   919 | D:2      | Reached skill level 1 in Fighting
   936 | D:2      | Identified the +1 leather armour of Intercession {SInv}
  1409 | D:2      | Learned a level 2 spell: Passwall
  1413 | D:2      | Learned a level 3 spell: Stone Arrow
  1735 | D:2      | Reached XP level 4. HP: 32/32 MP: 0/7
  1982 | D:3      | Killed from afar by an orc priest

Illustrated notes

Levels and vault maps discovered:
D:1:      spicycebolla_arrival_clurvy, layout_loops_ring,
          chequers_ecumenical_altar_twisty, hangedman_decor_peaks_small,
          minmay_misc_feat_tower
D:2:      minmay_chambers_of_twos, layout_basic, basic_altar
D:3:      layout_loops_ring, nicolae_overflows_in_rows,
          grunt_temple_overflow_growth_and_decay, grunt_ministairs_5,
          uniq_grinder, uniq_robin

Skill      XL: |  1  2  3  4 |
---------------+-------------+-----
Earth Magic    | 4 |  4.7
Fighting       | 1 |  1.6
Transmutations | 2 |  2.1
Dodging        | |  1.7
Stealth        | |  2.4
Spellcasting   | |  2.8

Action                     |  1- 3 |  4- 6 || total
---------------------------+-------+-------++-------
  Melee: Dagger            |     1 |       ||     1
         Short sword       |     1 |     4 ||     5
   Cast: Sandblast         |    49 |    14 ||    63
    Use: Scroll            |       |     1 ||     1
 Armour: Robe              |     1 |       ||     1
         Leather armour    |     3 |     1 ||     4
  Dodge: Dodged            |    15 |     3 ||    18
